Map: Cosmic Sapphire

Players

You

  • Race: Protoss Protoss
  • League: Master
  • Spawn Location: 11:00

IIIIIIIIIIII - Winner!

  • Race: Zerg Zerg
  • Spawn Location: 5:00

VOD

Have the link to the VOD?

Description

Time

  • Played on: Sept. 25, 2022, 5:15 a.m.
  • Length: 14:25
Show
View Real Time Build Order
Export as new Build Order

You Protoss 

Build Orders: 1 Gate Expand, Phoenix Opening 

Get SALT Encoding   

  12  0:00  Probe  
  13  0:12  Probe  
  14  0:20  Pylon  
  14  0:24  Probe  
  15  0:38  Probe (Chrono Boost)  
  15  0:39  Gateway  
  16  0:44  Assimilator  
  17  0:50  Probe (Chrono Boost)  
  17  0:54  Probe (Chrono Boost)  
  18  1:05  Probe  
  19  1:17  Probe  
  20  1:25  Nexus  
  20  1:36  Cybernetics Core  
  20  1:38  Probe (Chrono Boost)  
  21  1:45  Pylon  
  21  1:50  Probe (Chrono Boost)  
  21  1:53  Assimilator  
  22  2:00  Probe  
  23  2:12  Probe  
  23  2:14  Adept (Chrono Boost)  
  26  2:18  Stargate  
  26  2:24  Probe  
  27  2:32  Warp Gate (Chrono Boost)  
  27  2:35  Adept (Chrono Boost)  
  27  2:36  Probe  
  27  2:38  Probe  
  30  2:49  Probe  
  32  3:01  Probe  
  32  3:04  Adept, Probe  
  39  3:08  Void Ray (Chrono Boost)  
  39  3:13  Probe  
  39  3:16  Probe  
  41  3:23  Pylon  
  41  3:25  Probe  
  42  3:28  Probe  
  43  3:37  Probe  
  43  3:40  Probe  
  45  3:49  Probe  
  45  3:52  Probe, Phoenix (Chrono Boost)  
  49  4:00  Nexus  
  49  4:01  Pylon  
  49  4:09  Probe x2  
  51  4:12  Stargate  
  51  4:15  Assimilator  
  51  4:16  Phoenix (Chrono Boost)  
  53  4:21  Probe  
  54  4:26  Pylon, Probe  
  54  4:28  Adept  
  57  4:34  Phoenix  
  59  4:38  Shield Battery  
  59  4:41  Probe x2  
  61  4:47  Assimilator  
  61  4:48  Pylon  
  61  4:50  Gateway  
  61  4:53  Probe  
  61  4:59  Phoenix  
  64  5:01  Adept  
  65  5:09  Probe  
  66  5:17  Phoenix  
  67  5:25  Probe (Chrono Boost)  
  67  5:26  Probe (Chrono Boost)  
  67  5:27  Probe (Chrono Boost)  
  70  5:34  Phoenix  
  72  5:37  Probe (Chrono Boost)  
  72  5:39  Probe (Chrono Boost)  
  72  5:41  Probe (Chrono Boost)  
  75  5:43  Probe (Chrono Boost)  
  75  5:44  Shield Battery, Probe (Chrono Boost)  
  75  5:48  Probe  
  78  5:51  Pylon, Probe  
  75  6:20  Phoenix x2 (Chrono Boost)  
  75  6:23  Probe  
  75  6:24  Probe x2  
  82  6:26  Gateway  
  82  6:29  Gateway  
  82  6:31  Pylon  
  82  6:35  Adept x2  
  84  6:42  Probe x2  
  84  6:45  Probe  
  85  6:48  Assimilator x2  
  85  6:53  Phoenix x2  
  89  6:56  Probe  
  89  6:57  Probe x2  
  92  7:01  Gateway  
  92  7:04  Forge, Twilight Council  
  92  7:06  Pylon  
  92  7:09  Pylon  
  92  7:12  Pylon, Probe x2  
  92  7:14  Probe  
  95  7:16  Pylon  
  95  7:19  Phoenix x2  
  95  7:20  Gateway  
  95  7:21  Gateway  
  99  7:23  Gateway  
  99  7:24  Probe x2  
  99  7:25  Pylon  
  101  7:43  Phoenix x2 (Chrono Boost)  
  99  7:45  Probe  
  99  7:48  Gateway  
  99  7:50  Probe x2  
  106  7:52  Gateway x2  
  106  7:55  Charge (Chrono Boost), Gateway  
  106  7:56  Protoss Ground Weapons Level 1 (Chrono Boost)  
  106  7:57  Probe  
  107  8:05  Templar Archives  
  107  8:06  Nexus  
  107  8:07  Probe  
  107  8:08  Pylon, Phoenix  
  109  8:20  Probe  
  109  8:26  Zealot x7  
  116  8:28  Protoss Air Weapons Level 1 (Chrono Boost)  
  115  8:36  Probe  
  115  8:37  Void Ray x2 (Chrono Boost)  
  124  8:41  Probe  
  124  8:44  Photon Cannon  
  125  8:53  High Templar x5  
  135  8:57  Archon x2  
  135  8:58  High Templar  
  135  8:59  Zealot x5  
  147  9:03  Archon  
  147  9:06  Probe x3  
  146  9:14  Nexus  
  146  9:16  Pylon  
  146  9:21  High Templar  
  148  9:27  Pylon  
  142  9:36  High Templar, Probe  
  142  9:38  Zealot x6  
  157  9:42  Archon  
  149  9:49  Stalker x4  
  149  9:50  Blink (Chrono Boost), Probe x2  
  153  10:02  Probe  
  148  10:10  Probe  
  145  10:15  Probe  
  144  10:22  Probe  
  144  10:23  Nexus  
  144  10:25  High Templar x2  
  144  10:28  Zealot x4  
  151  10:31  Archon  
  141  10:36  High Templar x2  
  141  10:42  Archon  
  144  10:57  Pylon  
  144  10:59  Pylon  
  144  11:07  Nexus  
  144  11:08  Pylon  
  138  11:22  Photon Cannon  
  138  11:24  Photon Cannon  
  128  11:46  Zealot x4  
  128  11:47  Zealot  
  104  12:08  Probe  
  105  12:11  Nexus  
  105  12:12  Pylon  
  105  12:14  Nexus  
  105  12:15  High Templar x5  
  113  12:16  High Templar  
  113  12:20  Archon x2, Probe  
  113  12:21  Archon  
  113  12:22  High Templar x2  
  116  12:35  Archon  
  116  12:36  Probe  
  117  12:37  Robotics Facility  
  117  12:43  Zealot x4  
  125  12:48  Probe  
  125  12:50  Nexus  
  122  12:52  Shield Battery  
  108  13:01  Robotics Facility  
  108  13:03  Probe  
  106  13:19  Zealot, High Templar x2  
  95  13:20  Zealot x4  
  95  13:24  Archon  
  100  13:34  Probe  
  101  13:35  Immortal (Chrono Boost)  
  103  13:49  Nexus  
  95  14:05  Stalker x2  
  95  14:06  Stalker x3  
Show
View Real Time Build Order
Export as new Build Order

IIIIIIIIIIII Zerg - Winner!

Build Orders: Hatch First 

Get SALT Encoding   

  12  0:00  Drone  
  13  0:11  Overlord  
  13  0:16  Drone  
  14  0:30  Drone x2  
  16  0:47  Hatchery  
  15  0:50  Drone  
  15  0:53  Drone  
  15  0:57  Drone  
  18  1:07  Extractor  
  17  1:12  Spawning Pool  
  17  1:15  Drone  
  17  1:18  Drone  
  18  1:27  Drone  
  19  1:37  Drone  
  20  1:48  Drone  
  21  1:59  Queen x2, Overlord  
  21  2:00  Zergling x2  
  26  2:14  Drone x2  
  28  2:20  Drone  
  28  2:22  Drone  
  30  2:33  Drone x2  
  32  2:38  Hatchery  
  32  2:39  Metabolic Boost  
  32  2:42  Queen  
  33  2:44  Zergling x2  
  33  2:48  Overlord  
  34  2:53  Drone  
  35  2:59  Drone  
  36  3:09  Overlord  
  35  3:13  Drone x7  
  35  3:17  Overlord  
  42  3:26  Queen x2  
  42  3:29  Zergling x2  
  42  3:30  Zergling x2  
  47  3:42  Zergling x2  
  47  3:44  Overlord  
  47  3:45  Drone x4  
  52  3:56  Drone x5  
  52  4:02  Queen  
  57  4:03  Evolution Chamber  
  57  4:06  Zergling x6  
  57  4:09  Zergling x2  
  62  4:15  Zergling x4  
  64  4:20  Drone x2  
  64  4:21  Overlord x2  
  66  4:29  Overlord  
  66  4:33  Zerg Melee Weapons Level 1  
  66  4:41  Drone x7  
  72  4:56  Drone x5  
  76  5:06  Drone x6  
  79  5:15  Lair  
  79  5:17  Spore Crawler  
  79  5:18  Spore Crawler  
  79  5:21  Extractor x2  
  74  5:22  Spore Crawler  
  74  5:23  Extractor x2  
  71  5:32  Overlord  
  71  5:33  Drone x6  
  77  5:36  Queen x2  
  77  5:38  Hatchery  
  80  5:58  Zergling x22  
  88  6:11  Queen  
  88  6:12  Queen  
  88  6:16  Drone x2, Overlord x3  
  88  6:17  Drone x5  
  97  6:29  Extractor  
  97  6:30  Spire  
  93  6:44  Drone x11, Overlord  
  102  6:48  Baneling Nest  
  102  6:50  Evolution Chamber  
  100  7:08  Drone x13  
  113  7:13  Zerg Melee Weapons Level 2  
  113  7:16  Evolution Chamber  
  112  7:23  Spore Crawler  
  112  7:24  Zergling x14  
  118  7:32  Extractor  
  118  7:33  Extractor  
  118  7:35  Zergling x12  
  114  7:54  Overlord x6  
  114  7:56  Zerg Ground Armor Level 1  
  114  7:58  Zerg Flyer Armor Level 1  
  114  7:59  Hatchery, Drone  
  114  8:00  Drone x6  
  120  8:19  Infestation Pit  
  114  8:26  Drone x8  
  120  8:40  Corruptor, Overlord x3  
  120  8:41  Corruptor x11  
  135  9:03  Zergling x30  
  135  9:07  Hive  
  147  9:11  Roach Warren  
  146  9:22  Zergling x28  
  138  9:45  Zergling x20  
  138  9:46  Zergling x12  
  152  9:56  Zergling x20  
  152  10:02  Zergling x6  
  141  10:16  Drone x9  
  141  10:17  Drone x2  
  152  10:25  Overlord x3  
  152  10:26  Zergling x2  
  152  10:27  Zergling x10  
  158  10:29  Zerg Ground Armor Level 2  
  158  10:30  Zerg Melee Weapons Level 3  
  158  10:31  Adrenal Glands, Pneumatized Carapace  
  154  10:45  Zerg Flyer Armor Level 2  
  154  10:49  Zergling x30  
  166  10:55  Ultralisk Cavern  
  165  11:08  Zergling x30  
  145  11:29  Zergling x28  
  140  11:43  Ultralisk x5  
  130  12:24  Hatchery  
  128  12:44  Ultralisk  
  128  12:45  Ultralisk x6  
  168  12:58  Drone x10  
  163  13:30  Spore Crawler  
  162  13:36  Zergling x34  
  162  13:37  Hatchery, Zergling x2  
  179  13:55  Hatchery  
Tags
 
Add a new tag
Caveats
  • Supply blocks, unpowered buildings, or Contaminate may cause inaccurate times.
  • Supply counts are checked every 10 seconds.